Map: Crête de Lerilak

Players

Worming - Winner!

  • Race: Zerg Zerg
  • League: Platinum

Buzz

  • Race: Terran Terran
  • League: Gold

VOD

Have the link to the VOD?

Description

Time

  • Played on: Nov. 12, 2015, 11:19 a.m.
  • Length: 6:31
Show
View Real Time Build Order
Export as new Build Order

Worming Zerg - Winner!

Build Orders: Hatch First 

Get SALT Encoding   

  12  0:02  Drone  
  13  0:12  Overlord  
  13  0:26  Drone  
  14  0:31  Drone x2  
  16  0:37  Drone  
  17  0:57  Drone  
  17  1:00  Drone, Hatchery  
  18  1:17  Spawning Pool  
  17  1:23  Drone x2  
  19  1:32  Drone  
  20  1:43  Drone  
  21  1:52  Drone  
  22  2:02  Hatchery  
  21  2:14  Queen  
  21  2:15  Queen  
  25  2:16  Zergling x4  
  25  2:17  Drone  
  28  2:24  Overlord  
  28  2:31  Extractor  
  28  2:33  Drone  
  28  2:49  Drone x4  
  31  3:15  Drone x5  
  31  3:19  Extractor  
  35  3:26  Drone  
  36  3:27  Queen  
  36  3:28  Queen  
  36  3:29  Drone x2  
  36  3:31  Overlord x2  
  42  3:34  Lair  
  42  3:42  Roach Warren  
  42  3:46  Drone x2, Extractor  
  42  3:58  Drone x4  
  42  4:00  Drone x4  
  50  4:06  Overlord  
  50  4:17  Overlord  
  50  4:18  Overlord  
  50  4:32  Roach x8  
  50  4:33  Glial Reconstitution  
  66  4:41  Roach x2  
  70  4:47  Drone x2  
  70  4:48  Drone x2  
  70  4:50  Zergling x4  
  76  4:58  Overseer  
  75  5:07  Overlord  
  75  5:08  Roach  
  75  5:09  Roach x2  
  75  5:36  Roach  
  75  5:37  Roach x6  
  75  5:38  Overlord x3  
  86  5:43  Hydralisk Den  
  86  5:44  Extractor  
  81  5:56  Roach  
  83  5:57  Roach x4  
  83  5:59  Drone x7  
  98  6:06  Ravager  
  98  6:07  Ravager  
Show
View Real Time Build Order
Export as new Build Order

Buzz Terran 

Build Orders: Command Center First (CC) 

Get SALT Encoding   

  12  0:01  SCV  
  13  0:13  SCV  
  14  0:22  Supply Depot  
  14  0:25  SCV  
  15  0:43  SCV  
  16  0:56  SCV  
  17  1:04  Command Center  
  17  1:08  SCV  
  18  1:20  Barracks  
  18  1:24  SCV  
  19  1:33  Refinery  
  19  1:36  SCV  
  19  1:38  Refinery  
  20  1:48  SCV  
  21  2:06  Orbital Command  
  21  2:11  Barracks  
  21  2:14  Marine  
  22  2:17  Orbital Command  
  22  2:36  SCV  
  23  2:44  Factory  
  23  2:46  SCV  
  23  2:49  Marine  
  25  2:57  Marine  
  26  3:00  SCV x2  
  25  3:13  SCV x2  
  26  3:25  SCV x2  
  28  3:33  Factory Reactor  
  28  3:34  Barracks Tech Lab, Marine  
  28  3:37  SCV  
  28  3:40  SCV  
  31  3:42  Supply Depot  
  31  3:49  SCV  
  31  3:52  SCV  
  34  3:57  Barracks Reactor  
  34  4:01  Engineering Bay  
  33  4:04  Engineering Bay  
  33  4:05  SCV x2  
  33  4:07  Starport  
  35  4:12  Bunker  
  35  4:13  Stimpack  
  35  4:14  Marine  
  35  4:17  Hellion x2, SCV  
  40  4:18  SCV  
  42  4:26  Refinery  
  42  4:27  Terran Infantry Weapons Level 1  
  42  4:29  SCV  
  42  4:30  Terran Infantry Armor Level 1  
  43  4:38  Hellion, Supply Depot  
  45  4:40  SCV  
  46  4:52  Barracks  
  46  4:53  Supply Depot  
  50  5:00  Marauder, SCV x2  
  50  5:03  Refinery  
  50  5:11  Marine x2  
  50  5:13  Widow Mine  
  54  5:14  Widow Mine  
  55  5:21  Marauder  
  55  5:27  Liberator  
  43  5:42  Marine x2  
  35  5:57  Marauder  
  35  6:00  Marine  
  38  6:05  Barracks Tech Lab, Command Center  
  38  6:06  Armory  
Tags
 
Add a new tag
Caveats
  • Supply blocks, unpowered buildings, or Contaminate may cause inaccurate times.
  • Supply counts are checked every 10 seconds.